 Dungeon Crawl Stone Soup version 0.19-a0-1670-gc28a5d9 (webtiles) character file.

275 LORDOFBUTT the Sneak (level 6, -5/43 HPs)
             Began as an Octopode Berserker on Sept 22, 2016.
             Was a Believer of Trog.
             Slain by an ogre
             ... wielding a +0 giant spiked club
              (27 damage)
             ... on level 4 of the Dungeon.
             The game lasted 00:02:48 (2422 turns).

LORDOFBUTT the Sneak (Octopode Berserker)           Turns: 2422, Time: 00:02:48

Health: -5/43      AC:  3    Str: 17    XL:     6   Next: 25%
Magic:  6/6        EV: 14    Int: 10    God:    Trog [**....]
Gold:   131        SH:  0    Dex: 12    Spells: 0 memorised, 5 levels left

rFire  . . .     SeeInvis .     a - +1 short sword
rCold  . . .     Gourm    .     (no shield)
rNeg   . . .     Faith    .     h - +2 hat
rPois  .         Spirit   .     (no amulet)
rElec  .         Dismiss  .     (no ring)
rCorr  .         Reflect  .     (no ring)
MR     .....     Harm     .     (no ring)
Stlth  ++++......               (no ring)
                                (no ring)
                                (no ring)
                                (no ring)
                                (no ring)

@: no status effects
A: almost no armour, stealthy swim, amphibious, 8 rings, constrict 8, camouflage
1, gelatinous body 1
a: Berserk, Trog's Hand, Burn Spellbooks, Renounce Religion


You were on level 4 of the Dungeon.
You worshipped Trog.
Trog was pleased with you.
You were hungry.

You visited 1 branch of the dungeon, and saw 4 of its levels.

You collected 131 gold pieces.

Inventory:

Hand Weapons
 a - a +1 short sword (weapon)
Armour
 h - a +2 hat (worn)
Jewellery
 g - an uncursed ring of wizardry
Scrolls
 c - a scroll of remove curse
 e - a scroll of enchant armour {unknown}
 f - 2 scrolls of teleportation {unknown}
 k - a scroll of noise {unknown}
 l - a scroll of immolation {unknown}
 m - a scroll of identify {unknown}
Potions
 d - a potion of curing {unknown}
 j - a potion of experience {unknown}
 o - a potion of might {unknown}
 p - a potion of flight {unknown}
Comestibles
 b - 2 bread rations
 i - 3 meat rations
 n - a slice of pizza


   Skills:
 + Level 3.9 Fighting
 + Level 4.3 Short Blades
 + Level 3.8 Dodging
 * Level 5.2 Stealth


You had 5 spell levels left.
You didn't know any spells.

Dungeon Overview and Level Annotations

Branches:
Dungeon (4/15)
 Temple: D:4-7

Altars:
Elyvilon


Innate Abilities, Weirdness & Mutations

You cannot wear most types of armour.
You are very stealthy in the water.
You are amphibious.
You can wear up to eight rings at the same time.
You can use your tentacles to constrict eight enemies at once.
Your skin changes colour to match your surroundings (Stealth+).
Your rubbery body absorbs attacks. (AC +1, EV +1)


Message History

You constrict the plant, but do no damage.
The ogre hits the plant with a giant spiked club.
You hit the plant but do no damage.
The plant is heavily damaged.
You constrict the plant, but do no damage.
You hit the plant but do no damage.
You squeeze the plant, but do no damage.
The plant is heavily damaged.
You constrict the plant.
The ogre hits the plant with a giant spiked club.
You hit the plant but do no damage.
The plant is severely damaged.
You constrict the plant.
The ogre hits the plant with a giant spiked club!
You hit the plant. You squeeze the plant.
You destroy the plant!
You feel less exhausted.
The ogre hits you with a giant spiked club!!
Ouch! That really hurt!
You die...

#..............#
#..............###
#................#
#..............#.##
#.............P...##
♣..............P...#
.........>.(..P.♣P#.#
...♣###########..♣....
... #@♣♣ ... .......O♣
. #######.. #.P. #...P
#..... #......
#.......


You could see an ogre.

Vanquished Creatures
  A phantom (D:4)
  An orc wizard (D:2)
  Jessica (D:2)
  A worker ant (D:4)
  A hound skeleton (D:3)
  5 adders
  A worm (D:2)
  2 dart slugs (D:2)
  A leopard gecko (D:3)
  4 orcs
  3 giant cockroaches (D:2)
  4 goblins
  3 hobgoblins
  2 jackals (D:2)
  6 kobolds
  A quokka (D:3)
  2 ball pythons
  3 bats
  4 frilled lizards
  3 rats
  A plant (D:4)
50 creatures vanquished.

Notes
Turn   | Place    | Note
-------+----------+-------------------------------------------
     0 | D:1      | LORDOFBUTT the Octopode Berserker began the quest for the Orb.
     0 | D:1      | Reached XP level 1. HP: 16/16 MP: 1/1
   263 | D:1      | Reached skill level 1 in Stealth
   631 | D:2      | Noticed Jessica
   638 | D:2      | HP: 1/24 [hobgoblin (2)]
   639 | D:2      | Killed Jessica
   639 | D:2      | Reached XP level 2. HP: 2/21 MP: 2/2
   639 | D:2      | Reached XP level 3. HP: 3/26 MP: 3/3
   956 | D:2      | Reached skill level 2 in Stealth
  1112 | D:2      | Reached XP level 4. HP: 22/31 MP: 4/4
  1159 | D:2      | Reached ** piety under Trog
  1394 | D:2      | Reached skill level 3 in Stealth
  1394 | D:2      | Reached XP level 5. HP: 36/36 MP: 5/5
  1564 | D:3      | Found a white marble altar of Elyvilon.
  1721 | D:3      | Reached skill level 4 in Stealth
  2043 | D:4      | Noticed a phantom
  2086 | D:4      | HP: 1/37 [phantom (4)]
  2375 | D:4      | Killed a phantom
  2375 | D:4      | Reached skill level 5 in Stealth
  2375 | D:4      | Reached XP level 6. HP: 32/43 MP: 6/6
  2422 | D:4      | Slain by an ogre

Vault maps used:
D:1:      dpeg_arrival_signposts, serial_forest, infiniplex_forest_lined_3_way,
          infiniplex_forest_clump_double, infiniplex_forest_lined_room_2,
          infiniplex_forest_lined_room_2, infiniplex_forest_lined_corner,
          infiniplex_forest_straight_3
D:2:      first_bread, uniq_jessica
D:3:      lemuel_coloured_pillars_altar
D:4:      nicolae_overflow_crystal_walls, nicolae_overflow_hidden_temple,
          serial_forest, infiniplex_forest_straight_4,
          infiniplex_forest_clump_curved, infiniplex_forest_lined_ring,
          infiniplex_forest_clump_double, infiniplex_forest_clump_small,
          infiniplex_forest_zigzag_2, infiniplex_forest_lined_2,
          infiniplex_forest_clump_tiny, infiniplex_forest_clump_tiny,
          gup_sewer_entry_pipe

Skill      XL: |  1  2  3  4  5 |
---------------+----------------+-----
Stealth        | 1 2 3 5 |  5.2
Short Blades   | 4 |  4.3
Fighting       | |  3.9
Dodging        | |  3.8

Action                   |  1- 3 |  4- 6 || total
-------------------------+-------+-------++-------
Melee: Short sword       |    33 |    90 ||   123
       Constrict         |     9 |    15 ||    24
       Tentacles         |     4 |    18 ||    22
Invok: Berserk           |     1 |     2 ||     3
  Use: Scroll            |     3 |       ||     3
 Stab: Sleeping          |     4 |    10 ||    14
  Eat: Chunk             |     1 |     1 ||     2
       Meat ration       |       |     1 ||     1
Armor: Skin              |       |     9 ||     9
Dodge: Dodged            |    15 |    38 ||    53
